 Dungeon Crawl Stone Soup version 0.24-a0-163-g64c5a76fe2 (webtiles) character file.

Game seed: 0

125186 EnegeticOcto the Cruncher (level 16, -7/91 HPs)
             Began as a Spriggan Gladiator on Mar 4, 2019.
             Was the Champion of Dithmenos.
             Killed from afar by a shock serpent (17 damage)
             ... with a bolt of electricity
             ... on level 4 of the Snake Pit on Mar 6, 2019.
             The game lasted 00:56:22 (39375 turns).

EnegeticOcto the Cruncher (Spriggan Gladiator)     Turns: 39375, Time: 00:56:23

Health: -7/91      AC: 11    Str: 18    XL:     16   Next: 41%
Magic:  24/24      EV: 34    Int: 13    God:    Dithmenos [******]
Gold:   1575       SH:  5    Dex: 25    Spells: 14/24 levels left

rFire    . . .     SeeInvis +   E - +10 shortbow of the Dwarven Hall {freeze, Fragile rN+ Str+3 Dex+3}
rCold    + . .     Gourm    .   (shield currently unavailable)
rNeg     + . .     Faith    .   X - +0 acid dragon scales
rPois    +         Spirit   .   c - +1 hat
rElec    .         Reflect  +   n - +2 cloak
rCorr    +         Harm     .   (gloves unavailable)
MR       +++..                  (boots unavailable)
Stlth    +++++++++.             Q - +5 amulet of reflection
HPRegen  0.25/turn              K - ring of protection from cold
MPRegen  0.19/turn              V - +4 ring of dexterity

@: wreathed by umbra, very quick
A: very small, unfitting armour, hooves 1, repulsion field 1, see invisible,
clever 1, herbivore, speed 3, magic resistance 1, poison resistance, slow
metabolism 2
a: Shadow Step, Shadow Form, Renounce Religion


You were on level 4 of the Snake Pit.
You worshipped Dithmenos.
Dithmenos was exalted by your worship.
You were not hungry.

You visited 7 branches of the dungeon, and saw 30 of its levels.

You collected 2281 gold pieces.
You spent 706 gold pieces at shops.

Inventory:

Hand Weapons
 a - the +4 quarterstaff of the Scorpion {speed, MR+}
   (You found it on level 5 of the Lair of Beasts)

   Attacks with this weapon are significantly faster.
   It affects your resistance to hostile enchantments.
 b - a +2 shortbow of velocity
 E - the +10 shortbow of the Dwarven Hall (weapon) {freeze, Fragile rN+ Str+3 Dex+3}
   (You found it on level 10 of the Dungeon)

   It causes projectiles fired from it to freeze those they strike, causing
   extra injury to most foes and up to half again as much damage against
   particularly susceptible opponents.
   They can also slow down cold-blooded creatures.
   It affects your strength (+3).
   It affects your dexterity (+3).
   It protects you from negative energy.
   It will be destroyed if unequipped.
Missiles
 d - 7 throwing nets {!f}
 y - 162 arrows (quivered)
Armour
 c - a +1 hat (worn)
 n - a +2 cloak (worn)
 X - +0 acid dragon scales (worn)
Jewellery
 s - an uncursed ring of poison resistance
 x - an uncursed ring of protection from fire
 K - a ring of protection from cold (left hand)
 L - an uncursed amulet of faith
 Q - a +5 amulet of reflection (around neck)
 V - a +4 ring of dexterity (right hand)
Wands
 m - a wand of digging (12)
 o - a wand of iceblast (15)
 u - a wand of flame (60)
 D - a wand of polymorph (6)
 H - a wand of disintegration (51)
 I - a wand of acid (11)
 S - a wand of clouds (4)
Scrolls
 g - 3 scrolls of amnesia
 p - 5 scrolls of magic mapping {@r5 !r}
 q - 5 scrolls of enchant weapon
 r - 10 scrolls of remove curse {@r2}
 t - 4 scrolls of blinking {@r4}
 v - a scroll of immolation
 w - 6 scrolls of fear {!r}
 B - 2 scrolls of enchant armour
 C - 6 scrolls of teleportation {@r3 !r}
 F - 2 scrolls of identify {@r1}
 P - a scroll of brand weapon
 R - 2 scrolls of summoning
 U - 4 scrolls of fog {!r}
 Z - a scroll of vulnerability
Potions
 f - 12 potions of curing {@q1}
 h - a potion of brilliance
 i - 4 potions of haste {@q4 !q}
 j - 4 potions of agility {@q5 !q}
 k - a potion of berserk rage
 l - 2 potions of cancellation
 z - 2 potions of lignification {@q6}
 A - 2 potions of resistance
 G - a potion of magic
 N - 2 potions of flight
 O - 4 potions of might {@q3 !q}
 W - a potion of heal wounds {@q2}
 Y - a potion of mutation
Miscellaneous
 J - a phial of floods
 M - a sack of spiders
 T - a lamp of fire
Comestibles
 e - 35 rations


   Skills:
 + Level 13.0 Fighting
 - Level 14.0 Staves
 + Level 7.4 Bows
 - Level 2.0 Throwing
 - Level 4.4 Armour
 + Level 13.2 Dodging
 + Level 12.2 Stealth
 + Level 4.8 Spellcasting
 + Level 4.8 Hexes
 - Level 6.0 Invocations
 - Level 10.0 Evocations


You had 14 spell levels left.
You knew the following spells:

 Your Spells              Type           Power        Failure   Level  Hunger
a - Confuse               Hex            ###.....     10%         3    ###....
b - Passwall              Tmut/Erth      #.......     36%         2    ##.....
c - Summon Butterflies    Summ           #.......     24%         1    None
d - Confusing Touch       Hex            ###...       3%          1    None
T - Regeneration          Chrm/Necr      #.........   58%         3    ###....

Your spell library contained the following spells:

 Spells                   Type           Power        Failure   Level  Hunger
 Animate Skeleton         Necr           N/A          24%         1    None
 Beastly Appendage        Tmut           #.....       24%         1    None
 Freeze                   Ice            #...         24%         1    None
 Pain                     Necr           #...         24%         1    None
 Sandblast                Erth           #.....       24%         1    None
 Sticks to Snakes         Tmut           #.......     36%         2    ##.....
 Throw Frost              Conj/Ice       #.....       36%         2    ##.....
 Call Canine Familiar     Summ           #.......     58%         3    ###....
 Gell's Gravitas          Tloc           #.........   58%         3    ###....
 Ozocubu's Armour         Chrm/Ice       #.......     58%         3    ###....
 Spider Form              Tmut/Pois      #.........   58%         3    ###....
 Stone Arrow              Conj/Erth      #.....       58%         3    ###....
 Vampiric Draining        Necr           #.........   58%         3    ###....
 Animate Dead             Necr           N/A          94%         4    ####...
 Ice Form                 Ice/Tmut       #.......     94%         4    ####...
 Petrify                  Tmut/Erth      #.......     94%         4    ####...
 Summon Ice Beast         Ice/Summ       #.......     94%         4    ####...
 Throw Icicle             Conj/Ice       #.......     94%         4    ####...
 Metabolic Englaciation   Hex/Ice        #.........   94%         5    ######.
 Summon Mana Viper        Hex/Summ       #.......     94%         5    ######.
 Yara's Violent Unravell  Hex/Tmut       #.........   94%         5    ######.
 Blade Hands              Tmut           #.........   100%        5    ######.
 Bolt of Magma            Conj/Fire/Erth #.........   100%        5    ######.
 Iskenderun's Battlesphe  Conj/Chrm      #.......     100%        5    ######.
 Lee's Rapid Deconstruct  Erth           #.........   100%        5    ######.
 Venom Bolt               Conj/Pois      #.........   100%        5    ######.
 Iron Shot                Conj/Erth      #.........   100%        6    #######
 Poison Arrow             Conj/Pois      #.........   100%        6    #######
 Orb of Destruction       Conj           #.........   100%        7    #######
 Spellforged Servitor     Conj/Summ      #.........   100%        7    #######
 Summon Hydra             Summ           #.........   100%        7    #######
 Chain Lightning          Conj/Air       #.........   100%        8    #######
 Lehudib's Crystal Spear  Conj/Erth      #.........   100%        8    #######
 Fire Storm               Conj/Fire      #.........   100%        9    #######
 Glaciate                 Conj/Ice       #.........   100%        9    #######


Dungeon Overview and Level Annotations

Branches:
Dungeon (15/15)            Temple (1/1) D:6            Lair (6/6) D:10
 Shoals (1/4) Lair:4        Snake (4/4) Lair:2        Slime (0/5) Lair:5
    Orc (2/2) D:12            Elf (1/3) Orc:2        Vaults (0/5) D:13
 Depths (0/5) D:15

Altars:
Dithmenos
Elyvilon
Hepliaklqana
Kikubaaqudgha
Makhleb
Nemelex Xobeh
Qazlal
Sif Muna
Trog
Uskayaw
Vehumet
Wu Jian
Xom
Yredelemnul
Zin
The Shining One
Beogh

Shops:
D:5 }   D:6 *   Orc:2 [**%(

Portals:
Trove: D:12 (give horn of Geryon)

Annotations:
D:6 2 transporters, HELP's ghost, novice TrCK
Lair:5 3 runed translucent doors, Tuudo's ghost, journeyman DsFi
Shoals:1 Josephine
Orc:1 2 transporters


Innate Abilities, Weirdness & Mutations

You are very small and have problems with some larger weapons.
You are too small for most types of armour.
You have supernaturally acute eyesight. (SInv)
You are a herbivore.
You cover ground extremely quickly.
You need to consume almost no food.
You have large cloven feet.
You are surrounded by a mild repulsion field. (EV +2)
Your mind is acute. (Int +2)
You are resistant to hostile enchantments. (MR+)
Your system is resistant to poisons. (rPois)


Message History

The arrow hits the nagaraja.
The arrow freezes the nagaraja.
The nagaraja is moderately wounded.
The shock serpent bites you! The shock serpent shocks you!
The nagaraja hits you but does no damage.
Evoke which item? (* to show all) (? for menu, Esc to quit)
Aiming: Corrosive Bolt
Press: ? - help, Shift-Dir - straight line, f/p - shock serpent
Aim: a shock serpent (black smoke, heavily wounded, slow, umbra)
The bolt of acid hits the shock serpent!
The shock serpent is splashed with acid!
The acid corrodes the shock serpent!
The shock serpent is severely wounded.
The bolt of acid misses the nagaraja.
The shock serpent's electric aura discharges, shocking you!
* * * LOW HITPOINT WARNING * * *
The nagaraja hits you from afar with a +0 spear!
* * * LOW HITPOINT WARNING * * *
The shock serpent shoots out a bolt of lightning at you!
The bolt of electricity hits you!
You die...

#......#######'##.......
#.......#.#.##...##......
####...##.........#......
#....#.........## ...
##....#..###....# ..
#.....###'.##...# .......
#...#...#
......§#######†..#
.....NS@§§......##
...(.N##§§.......# .....
##.....#### .... #######
... .. .


You could see a nagaraja, a shock serpent and a naga.

Vanquished Creatures
  Rupert (Snake:1)
  Donald (Snake:1)
  2 orc warlords (D:12)
  Aizul (Lair:2)
  6 hydras
  8 naga warriors
  A centaur warrior (D:14)
  A two-headed ogre (D:12)
  A death knight (D:12)
  8 anacondas
  4 death yaks (Lair:6)
  A catoblepas (Lair:3)
  8 naga sharpshooters
  3 shock serpents
  3 orc high priests (Orc:2)
  2 salamander mystics
  A fire crab (shapeshifter) (D:15)
  4 skeletal warriors (D:15)
  A glowing orange brain (D:15)
  2 orange crystal statues (D:13)
  An unseen horror (shapeshifter) (D:15)
  2 unseen horrors
  5 naga ritualists
  5 orc knights
  A lindwurm (D:13)
  2 phantasmal warriors
  7 deep elf magi
  6 orc sorcerers
  11 mana vipers
  2 manticores
  15 ugly things
  4 cyclopes
  5 salamanders
  4 elephants
  31 black mambas
  An eye of devastation (Orc:2)
  A guardian serpent (Snake:2)
  A torpor snail (Lair:3)
  A gargoyle (D:12)
  12 naga magi
  9 spiny frogs
  2 rime drakes
  A freezing wraith (D:12)
  6 komodo dragons
  A yaktaur (D:12)
  2 ice devils (D:11)
  A kobold demonologist (D:15)
  2 trolls
  2 merfolk
  A wind drake (shapeshifter) (D:13)
  A tengu conjurer (D:14)
  6 polar bears
  A dream sheep (Lair:6)
  6 slime creatures
  8 hornets
  5 blink frogs (Lair:6)
  9 hippogriffs
  A raiju (shapeshifter) (D:14)
  15 spriggans (Lair:6)
  A spriggan (shapeshifter) (D:15)
  A wyvern (D:9)
  4 wraiths
  3 water elementals (D:15)
  33 yaks
  A tarantella (D:9)
  2 vampires (D:11)
  4 basilisks
  A hungry ghost (D:13)
  8 vampire mosquitoes
  3 acid dragons
  9 wargs
  27 nagas
  A soldier ant (D:11)
  12 water moccasins
  8 porcupines
  2 sky beasts
  4 necrophages
  24 orc warriors
  4 black bears
  2 phantoms
  4 ice beasts
  4 boggarts (Lair:6)
  A hornet zombie (D:10)
  11 ogres
  30 wolves
  4 centaurs
  7 crocodiles
  2 big kobolds (D:15)
  10 bullfrogs
  A gnoll sergeant (D:7)
  A wyvern zombie (D:10)
  12 wights
  8 killer bees
  3 crimson imps
  A bullfrog zombie (D:8)
  3 centaur zombies
  2 quasits
  6 jellies
  3 hounds
  A bullfrog skeleton (D:9)
  14 orc priests
  2 iguanas
  24 orc wizards
  10 worker ants
  A killer bee zombie (D:9)
  12 gnolls
  13 adders
  7 shadow imps
  An adder zombie (D:5)
  5 worms
  3 leopard geckos
  67 orcs
  7 giant cockroaches
  19 goblins
  8 hobgoblins
  12 jackals
  24 kobolds
  6 quokkas
  12 bats
  6 frilled lizards
  8 rats
  A fungus (Lair:6)
785 creatures vanquished.

Vanquished Creatures (others)
  An orc wizard (D:4)
  An orc (Orc:1)
  A kobold (D:15)
  8 fungi (Lair:6)
  8 plants
  A withered plant (D:8)
20 creatures vanquished.

Grand Total: 805 creatures vanquished

Notes
Turn   | Place    | Note
-------+----------+-------------------------------------------
     0 | D:1      | EnegeticOcto the Spriggan Gladiator began the quest for the
                  | Orb.
     0 | D:1      | Reached XP level 1. HP: 10/10 MP: 2/2
   342 | D:1      | Reached skill level 1 in Stealth
   408 | D:1      | Reached XP level 2. HP: 15/15 MP: 3/3
  1206 | D:2      | Reached XP level 3. HP: 18/18 MP: 4/4
  1813 | D:2      | Found a hazy altar of Hepliaklqana.
  1816 | D:2      | Found a radiant altar of Vehumet.
  1817 | D:2      | Found a bloodstained altar of Trog.
  2206 | D:2      | Reached skill level 5 in Dodging
  2335 | D:3      | Reached XP level 4. HP: 14/23 MP: 5/5
  2572 | D:3      | Reached skill level 3 in Staves
  3234 | D:4      | Noticed a phantom
  3462 | D:4      | Gained mutation: Your magical capacity is low. (-10% MP)
                  | [potion of mutation]
  3462 | D:4      | Gained mutation: Your mind is acute. (Int +2) [potion of
                  | mutation]
  3462 | D:4      | Gained mutation: Your system is resistant to poisons.
                  | (rPois) [potion of mutation]
  3463 | D:4      | Lost mutation: Your system is resistant to poisons. (rPois)
                  | [potion of mutation]
  3463 | D:4      | Lost mutation: Your magical capacity is low. (-10% MP)
                  | [potion of mutation]
  3463 | D:4      | Gained mutation: Your system is resistant to poisons.
                  | (rPois) [potion of mutation]
  3463 | D:4      | Gained mutation: You are surrounded by a mild repulsion
                  | field. (EV +2) [potion of mutation]
  3463 | D:4      | Gained mutation: You are resistant to hostile enchantments.
                  | (MR+) [potion of mutation]
  3463 | D:4      | Gained mutation: You have large cloven feet. [potion of
                  | mutation]
  3760 | D:4      | Reached XP level 5. HP: 6/27 MP: 6/6
  4106 | D:4      | Noticed a phantom
  4207 | D:4      | Killed a phantom
  4207 | D:4      | Reached XP level 6. HP: 22/32 MP: 7/7
  4394 | D:4      | Found a burning altar of Makhleb.
  4916 | D:5      | Entered Level 5 of the Dungeon
  5323 | D:5      | Found Xanefemiu's Gadget Emporium.
  5326 | D:5      | Bought a wand of iceblast (10) for 154 gold pieces
  5935 | D:6      | Reached skill level 4 in Staves
  6049 | D:6      | Found a transporter.
  6049 | D:6      | Found a transporter.
  6049 | D:6      | Noticed HELP's ghost (novice TrCK)
  6084 | D:6      | Reached skill level 1 in Evocations
  6084 | D:6      | Reached XP level 7. HP: 29/36 MP: 8/8
  6255 | D:6      | Reached skill level 5 in Stealth
  6492 | D:6      | Found a burning altar of Makhleb.
  6492 | D:6      | Noticed a green death
  6537 | D:6      | Found a shimmering altar of Xom.
  6678 | D:6      | Found a staircase to the Ecumenical Temple.
  6828 | Temple   | Entered the Ecumenical Temple
  6856 | Temple   | Became a worshipper of Dithmenos the Shadowed
  7010 | D:6      | Reached skill level 5 in Staves
  7010 | D:6      | Reached XP level 8. HP: 34/42 MP: 11/11
  7542 | D:6      | Found Geshraeva's Assorted Antiques.
  7547 | D:6      | Bought 2 potions of curing for 192 gold pieces
  7597 | D:7      | Noticed a hornet
  7615 | D:7      | Killed a hornet
  8456 | D:6      | Reached * piety under Dithmenos
  8510 | D:7      | Reached skill level 6 in Staves
  9159 | D:7      | Reached XP level 9. HP: 39/46 MP: 12/12
  9528 | D:8      | Found a white marble altar of Elyvilon.
  9602 | D:7      | Reached skill level 5 in Fighting
  9926 | D:8      | Found an ancient bone altar of Kikubaaqudgha.
 10106 | D:8      | Found a deep blue altar of Sif Muna.
 10141 | D:8      | Reached skill level 7 in Staves
 10572 | D:9      | Reached skill level 10 in Dodging
 10912 | D:9      | Reached ** piety under Dithmenos
 11213 | D:9      | Noticed Harold
 11262 | D:9      | Noticed Harold
 11262 | D:9      | Harold changed into Harold the tarantella
 11268 | D:9      | Killed Harold the tarantella
 11473 | D:9      | Reached XP level 10. HP: 52/53 MP: 13/13
 11772 | D:9      | Reached skill level 8 in Staves
 12090 | D:10     | Entered Level 10 of the Dungeon
 12313 | D:10     | Reached skill level 1 in Bows
 12500 | D:10     | Got a polished shortbow
 12522 | D:9      | Identified the +10 shortbow of the Dwarven Hall {freeze,
                  | Fragile rN+ Str+3 Dex+3} (You found it on level 10 of the
                  | Dungeon)
 12785 | D:10     | Reached *** piety under Dithmenos
 13028 | D:10     | Found a staircase to the Lair.
 13729 | Lair:1   | Entered Level 1 of the Lair of Beasts
 13830 | Lair:1   | Reached skill level 5 in Evocations
 14587 | Lair:2   | Reached XP level 11. HP: 57/57 MP: 14/16
 14596 | Lair:2   | Reached skill level 9 in Staves
 14880 | Lair:2   | Found a staircase to the Snake Pit.
 14981 | Lair:2   | Reached **** piety under Dithmenos
 15442 | Lair:3   | Noticed a catoblepas
 15456 | Lair:3   | Killed a catoblepas
 15819 | Lair:3   | Reached skill level 5 in Bows
 16090 | Lair:3   | Noticed a six-headed hydra
 16108 | Lair:3   | Killed a six-headed hydra
 17066 | Lair:4   | Reached skill level 10 in Staves
 17361 | Lair:4   | Found a staircase to the Shoals.
 17370 | Lair:4   | Reached XP level 12. HP: 63/63 MP: 17/17
 17430 | Lair:4   | Noticed a four-headed hydra
 17454 | Lair:4   | Killed a four-headed hydra
 17570 | Lair:4   | Reached ***** piety under Dithmenos
 17943 | Lair:5   | Noticed a six-headed hydra
 17955 | Lair:5   | Killed a six-headed hydra
 18168 | Lair:5   | Identified the +4 quarterstaff of the Scorpion {speed, MR+}
                  | (You found it on level 5 of the Lair of Beasts)
 18335 | Lair:5   | Reached skill level 11 in Staves
 18378 | Lair:5   | Found a runed translucent gate.
 18378 | Lair:5   | Found a runed translucent gate.
 18378 | Lair:5   | Found a runed translucent gate.
 18392 | Lair:5   | Noticed Tuudo's ghost (journeyman DsFi)
 18393 | Lair:5   | Noticed a ten-headed hydra
 18394 | Lair:5   | Noticed a 14-headed hydra
 18702 | Lair:5   | Found a staircase to the Slime Pits.
 18765 | Lair:6   | Entered Level 6 of the Lair of Beasts
 18771 | Lair:6   | Noticed a six-headed hydra
 18776 | Lair:6   | Killed a six-headed hydra
 18999 | Lair:6   | Noticed a five-headed hydra
 19076 | Lair:6   | Reached XP level 13. HP: 49/69 MP: 18/18
 19337 | Lair:6   | Reached ****** piety under Dithmenos
 19358 | Lair:6   | Reached skill level 12 in Staves
 20241 | Lair:6   | Reached skill level 10 in Fighting
 21294 | D:11     | Reached skill level 13 in Staves
 22842 | D:12     | Found a staircase to the Orcish Mines.
 23058 | D:12     | Found a portal to a secret trove of treasure.
 23137 | Orc:1    | Entered Level 1 of the Orcish Mines
 23137 | Orc:1    | Noticed an orc warlord
 23307 | D:13     | Reached XP level 14. HP: 77/77 MP: 19/19
 23894 | D:13     | Found a gate to the Vaults.
 25635 | D:15     | Entered Level 15 of the Dungeon
 26086 | D:15     | Reached skill level 14 in Staves
 27955 | D:15     | Found a staircase to the Depths.
 28171 | D:12     | Learned a level 1 spell: Confusing Touch
 28174 | D:12     | Learned a level 2 spell: Passwall
 28178 | D:12     | Learned a level 3 spell: Regeneration
 28240 | D:12     | Killed an orc warlord
 28444 | Orc:1    | Noticed an orc warlord
 28570 | Snake:1  | Entered Level 1 of the Snake Pit
 29190 | Snake:1  | Reached skill level 1 in Invocations
 29762 | Snake:1  | Noticed Aizul
 30227 | D:12     | Reached skill level 1 in Armour
 30227 | D:12     | Reached XP level 15. HP: 74/85 MP: 20/20
 30276 | D:12     | Killed an orc warlord
 30892 | Orc:1    | Found a transporter.
 31214 | Orc:1    | Noticed an orc warlord
 31215 | Orc:1    | Found a roughly hewn altar of Beogh.
 31215 | Orc:1    | Found a transporter.
 31281 | Orc:2    | Entered Level 2 of the Orcish Mines
 31383 | Orc:2    | Found a roughly hewn altar of Beogh.
 31424 | Orc:2    | Found a staircase to the Elven Halls.
 31454 | Orc:2    | Found Nucasoyk's Antique Weapon Shop.
 31824 | Orc:2    | Found Kaumyla's Food Emporium.
 31885 | Orc:2    | Found Vaumy's Assorted Antiques.
 31892 | Orc:2    | Found Ugocko's Armour Shop.
 31988 | Orc:2    | Found Imitzeq's General Store.
 31996 | Orc:2    | Bought a scroll of teleportation for 39 gold pieces
 31996 | Orc:2    | Bought a potion of mutation for 104 gold pieces
 32647 | Lair:2   | Killed Aizul
 33141 | Snake:1  | Noticed Rupert
 33196 | Snake:1  | Killed Rupert
 33293 | Snake:1  | Noticed Donald
 33326 | Snake:1  | Killed Donald
 34593 | Snake:2  | Reached skill level 5 in Invocations
 34967 | Snake:2  | Reached skill level 10 in Stealth
 35757 | Snake:2  | Reached skill level 10 in Evocations
 35762 | Snake:2  | Learned a level 1 spell: Summon Butterflies
 35834 | Snake:2  | Learned a level 3 spell: Confuse
 36018 | Snake:2  | Reached XP level 16. HP: 90/90 MP: 24/24
 36020 | Snake:2  | Reached skill level 1 in Hexes
 36085 | Snake:2  | Reached skill level 1 in Spellcasting
 37861 | Snake:4  | Entered Level 4 of the Snake Pit
 37864 | Snake:3  | Upgraded the game from 0.24-a0-140-gcaa6c10b7c to
                  | 0.24-a0-163-g64c5a76fe2
 38057 | Shoals:1 | Entered Level 1 of the Shoals
 38070 | Shoals:1 | Noticed Josephine
 38299 | Elf:1    | Entered Level 1 of the Elven Halls
 38430 | Elf:1    | Found a radiant altar of Vehumet.
 38701 | Orc:2    | Bought a scroll of blinking for 217 gold pieces
 39375 | Snake:4  | Killed from afar by a shock serpent

Levels and vault maps discovered:
D:1:      dpeg_arrival_tiny_f, layout_loops_corners, nrook_loot_triangle,
          corexii_item_surrounded_by_moat, minmay_tiny_reverse_x
D:2:      layout_basic, chequers_temple_overflow_statue_of_worship
D:3:      layout_basic, serial_corexii_hall, chequers_hall_statues_y,
          chequers_hall_statues_corner_a, corexii_hall_statues_s
D:4:      wad_woods_stonehenge, layout_basic, minivault_23
D:5:      layout_basic, first_ration, serial_shops, nicolae_shop_window_shopping
D:6:      layout_layer_cave, makhleb_altar_promises_db, kennysheep_mini,
          minmay_temple_entry_crystal_x, gammafunk_ghost_arena, serial_shops,
          kennysheep_little_box, grunt_ministairs_15
D:7:      corexii_shantytown, layout_loops_ring, grunt_ogre_cave
D:8:      layout_rooms, nicolae_overflow_crystal_walls,
          kiku_gazebo_garden_becter, basic_altar
D:9:      layout_loops_ring, uniq_harold
D:10:     layout_basic, erik_lair_orcish_takeover
D:11:     layout_roguey, portal_ice_cave_demonic_guard, minmay_misc_feat_pillars
D:12:     layout_loops_cross, minmay_orc_entry_guard_dogs,
          nicolae_trove_entry_columns, lemuel_nasty_fountain
D:13:     layout_irregular_city, david_vaults_4, minmay_more_statues
D:14:     layout_basic, amethyst_killhole
D:15:     gammafunk_enter_depths_forms, layout_basic
Temple:   regret_index_temple_waves
Lair:1:   layout_misc_corridors
Lair:2:   layout_chaotic_city, guppyfry_snake_entry_island, beast_lair_carwin_9
Lair:3:   layout_regular_city, st_stairs_3, minivault_11, grunt_megastairs_1,
          serial_bayou_shore_b
Lair:4:   layout_cave_pods, minmay_shoals_entry_beasts
Lair:5:   layout_regular_city, dpeg_slime_entry_corner,
          gammafunk_ghost_hydra_chop
Lair:6:   minmay_lair_end_enchanted_forest, layout_cave_pods
Shoals:1: layout_shoals, uniq_louise, uniq_josephine, uniq_jorgrun
Snake:1:  layout_rooms, statue_in_the_mist_lemuel, uniq_aizul, uniq_donald,
          uniq_rupert
Snake:2:  layout_grid_maze
Snake:3:  layout_concentric_octagons
Snake:4:  snake_pit_salamanders_mu, layout_cave_town, serial_shops, shop,
          hangedman_venom_bottle, uniq_asterion
Orc:1:    gammafunk_beogh_shrine, layout_caves
Orc:2:    st_orc_elflike, layout_diamond_mine, basic_altar, serial_shops, shop
Elf:1:    eino_elf_arrival_altar, layout_geoelf_diagonals,
          hangedman_elf_represent

Skill      XL: |  1  2  3  4  5  6  7  8  9 10 11 12 13 14 15 16 |
---------------+-------------------------------------------------+-----
Stealth        | 1 2 3 4 5 10 12 | 12.2
Fighting       | 2 3 4 5 6 7 9 10 12 13 | 13.0
Dodging        | 5 6 7 9 10 11 13 | 13.2
Staves         | 3 4 5 6 7 8 10 11 13 14 | 14.0
Evocations     | 1 3 5 6 10 | 10.0
Bows           | 3 6 7 |  7.4
Invocations    | 1 6 |  6.0
Armour         | 1 4 |  4.4
Hexes          | 4 |  4.8
Spellcasting   | 4 |  4.8
Throwing       | |  2.0

Action                   |  1- 3 |  4- 6 |  7- 9 | 10-12 | 13-15 | 16-18 || total
-------------------------+-------+-------+-------+-------+-------+-------++-------
Melee: Quarterstaff      |   148 |   280 |   534 |    82 |       |       ||  1044
       Kick              |       |    49 |   167 |    26 |       |       ||   242
 Fire: Shortbow          |       |       |    30 |   664 |  1724 |   307 ||  2725
Throw: Throwing net      |       |     1 |       |       |     2 |       ||     3
Evoke: Wand              |       |       |    10 |     3 |    34 |     1 ||    48
       Lamp of fire      |       |       |       |       |     2 |       ||     2
  Use: Scroll            |     5 |    11 |     1 |     8 |     5 |     1 ||    31
       Potion            |     1 |     6 |       |       |     2 |       ||     9
 Stab: Sleeping          |     8 |     4 |    14 |     1 |       |       ||    27
       Held in net/web   |       |     1 |       |       |       |       ||     1
       Distracted        |       |     1 |       |       |       |       ||     1
  Eat: Ration            |       |     2 |     3 |     3 |     7 |     2 ||    17
Armor: Robe              |    13 |    41 |    55 |    14 |     9 |       ||   132
       Acid dragon scale |       |       |       |       |    35 |     8 ||    43
Dodge: Dodged            |   142 |   295 |   637 |   425 |   833 |   152 ||  2484
Block: Other             |       |       |       |       |   138 |    25 ||   163
       Reflection        |       |       |       |       |    17 |     2 ||    19

Table legend:
 A = Non-vault XP
 B = Vault XP
 C = Vault XP percentage of total XP
 D = Non-vault monster count
 E = Vault monster count
 F = Vault count percentage of total count
                 A         B        C        D         E       F
            +---------+---------+-------+---------+---------+-------
      Total |  136807 |   42031 |  23.5 |     613 |     172 |  21.9
            +---------+---------+-------+---------+---------+-------
        D:1 |      29 |       3 |   9.4 |      19 |       2 |   9.5
        D:2 |      55 |       0 |   0.0 |      23 |       0 |   0.0
        D:3 |      69 |       0 |   0.0 |      26 |       0 |   0.0
        D:4 |     376 |       6 |   1.6 |      17 |       3 |  15.0
        D:5 |      68 |       0 |   0.0 |       9 |       0 |   0.0
        D:6 |     980 |     216 |  18.1 |      21 |       2 |   8.7
        D:7 |    1182 |     235 |  16.6 |      22 |      31 |  58.5
        D:8 |     840 |       0 |   0.0 |      16 |       0 |   0.0
        D:9 |    1795 |     366 |  16.9 |      40 |       2 |   4.8
       D:10 |    2677 |     531 |  16.6 |      37 |       9 |  19.6
       D:11 |    1866 |     698 |  27.2 |      15 |       2 |  11.8
       D:12 |    9964 |     626 |   5.9 |      39 |       4 |   9.3
       D:13 |    1427 |    3475 |  70.9 |       8 |       6 |  42.9
       D:14 |    4020 |       0 |   0.0 |      17 |       0 |   0.0
       D:15 |   13212 |    4866 |  26.9 |      42 |      10 |  19.2
     Lair:1 |     557 |       0 |   0.0 |       3 |       0 |   0.0
     Lair:2 |    4519 |    2507 |  35.7 |      15 |       6 |  28.6
     Lair:3 |    4341 |    1705 |  28.2 |      15 |       6 |  28.6
     Lair:4 |    4855 |     999 |  17.1 |      17 |       3 |  15.0
     Lair:5 |    5846 |       0 |   0.0 |      25 |       0 |   0.0
     Lair:6 |   15340 |    9500 |  38.2 |      42 |      52 |  55.3
   Shoals:1 |       0 |     189 | 100.0 |       0 |       1 | 100.0
    Snake:1 |   14263 |    4971 |  25.8 |      26 |       2 |   7.1
    Snake:2 |   22997 |       0 |   0.0 |      48 |       0 |   0.0
    Snake:3 |   15736 |       0 |   0.0 |      29 |       0 |   0.0
    Snake:4 |    4258 |       0 |   0.0 |       8 |       0 |   0.0
      Orc:1 |    1965 |       0 |   0.0 |      14 |       0 |   0.0
      Orc:2 |    3007 |    8238 |  73.3 |      19 |      26 |  57.8
      Elf:1 |     563 |    2900 |  83.7 |       1 |       5 |  83.3
            +---------+---------+-------+---------+---------+-------
